 Dungeon Crawl Stone Soup version 0.23.2-1-ga50397a6bc (webtiles) character file.

Game seed: 17928295216596671605

7371 Revguard the Basher (level 11, -4/66 HPs)
             Began as a Gargoyle Fighter on Apr 29, 2019.
             Was a High Priest of Okawaru (penitent).
             Killed from afar by a goblin (13 damage)
             ... with an exploding inner flame
             ... hexed by the player character
             ... on level 11 of the Dungeon.
             The game lasted 00:28:20 (7046 turns).

Revguard the Basher (Gargoyle Fighter)              Turns: 7046, Time: 00:28:21

Health: -4/66      AC: 21    Str: 28    XL:     11   Next: 14%
Magic:  14/15      EV: 22    Int:  9    God:    Okawaru [*]
Gold:   545        SH: 15    Dex: 20    Spells: 10/10 levels left

rFire    + + .     SeeInvis .   w - +5 morningstar
rCold    . . .     Gourm    .   c - +0 shield
rNeg     + . .     Faith    .   r - +2 scale mail {rF+}
rPois    ∞         Spirit   .   (no helmet)
rElec    +         Reflect  .   h - scarf {cloud immunity}
rCorr    .         Harm     .   o - +1 pair of gloves {Str+3}
MR       .....                  (no boots)
Stlth    +++.......             (no amulet)
HPRegen  0.21/turn              u - +3 ring of dexterity
MPRegen  0.14/turn              g - ring of protection from fire

@: mighty, agile, heroism
A: negative energy resistance 1, electricity resistance, unbreathing,
petrification resistance, rot immunity, AC +8
a: Renounce Religion


You were on level 11 of the Dungeon.
You worshipped Okawaru.
Okawaru was demanding penance.
You were not hungry.

You visited 2 branches of the dungeon, and saw 10 of its levels.
You also visited: Bailey.

You collected 545 gold pieces.

Inventory:

Hand Weapons
 w - a +5 morningstar (weapon)
Armour
 c - a +0 shield (worn)
 e - a +0 cloak
 h - a scarf of cloud immunity (worn)
 o - a +1 pair of gloves of strength (worn)
 r - a +2 scale mail of fire resistance (worn)
Jewellery
 g - a ring of protection from fire (right hand)
 t - an uncursed ring of protection from cold
 u - a +3 ring of dexterity (left hand)
 v - a +2 ring of slaying
Wands
 m - a wand of iceblast (2)
 x - a wand of polymorph (5)
Scrolls
 b - 3 scrolls of identify
 d - 2 scrolls of fear
 i - 3 scrolls of amnesia
 j - 4 scrolls of remove curse
 k - 4 scrolls of teleportation
 n - a scroll of enchant weapon
 y - a scroll of magic mapping {unknown}
 B - a scroll of summoning {unknown}
Potions
 a - 2 potions of flight
 p - 4 potions of degeneration
Miscellaneous
 A - a sack of spiders
Comestibles
 f - 14 rations


   Skills:
 + Level 6.5(11.5) Fighting
 + Level 9.8(14.8) Maces & Flails
 + Level 6.6(11.6) Armour
 + Level 3.5(8.5) Dodging
 + Level 8.2(13.2) Shields
 * Level 6.2 Invocations
 * Level 5.4 Evocations


You had 10 spell levels left.
You didn't know any spells.
Your spell library contained the following spells:

 Spells                   Type           Power        Failure   Level  Hunger
 Magic Dart               Conj           #...         67%         1    ##.....
 Sandblast                Erth           #.....       67%         1    ##.....
 Passwall                 Tmut/Erth      #.......     80%         2    ###....
 Searing Ray              Conj           #.....       80%         2    ###....
 Dazzling Spray           Conj/Hex       #.....       95%         3    ####...
 Stone Arrow              Conj/Erth      #.....       95%         3    ####...
 Force Lance              Conj/Tloc      #.......     100%        4    #####..
 Fulminant Prism          Conj/Hex       #.........   100%        4    #####..
 Iskenderun's Mystic Bla  Conj           #.......     100%        4    #####..
 Petrify                  Tmut/Erth      #.......     100%        4    #####..
 Lee's Rapid Deconstruct  Erth           #.........   100%        5    ######.


Dungeon Overview and Level Annotations

Branches:
Dungeon (11/15)            Temple (1/1) D:4            Lair (0/6) D:10
    Orc: D:9-12

Altars:
Ashenzari
Cheibriados
Dithmenos
Elyvilon
Gozag
Hepliaklqana
Kikubaaqudgha
Makhleb
Nemelex Xobeh
Okawaru
Qazlal
Ru
Sif Muna
Uskayaw
Vehumet
Wu Jian
Xom
Yredelemnul
Zin
The Shining One
Beogh

Shops:
D:5 *   D:11 [


Innate Abilities, Weirdness & Mutations

You are resistant to torment.
Your stone body is resilient. (AC +8)
You are immune to poison.
You resist negative energy. (rN+)
You are resistant to electric shocks. (rElec)
You can survive without breathing.
You are immune to petrification.
You are immune to rotting.


Message History

The five-headed hydra bites your soldier ant but does no damage.
The five-headed hydra barely misses your soldier ant.
You sock the goblin!
The goblin explodes!
The fiery explosion engulfs the five-headed hydra!!!
The five-headed hydra is severely wounded.
The fiery explosion engulfs the kobold!
The kobold explodes!
The fiery explosion engulfs the five-headed hydra!!
The five-headed hydra explodes!
The fiery explosion engulfs your soldier ant!!!
You kill your soldier ant!
Your soldier ant's corpse disappears in a puff of smoke!
You feel very guilty. "You will pay for your transgression, mortal!"
The fiery explosion engulfs the centaur!!
The centaur is almost dead.
Okawaru is honoured by your kill. Okawaru accepts your kill.
The fiery explosion engulfs you! You resist.
You die...

....#..)†()........#
...##.)#)))).#.....#..
....#.####....>..# #..
....#............##..# #
#......≈≈≈≈≈≈≈.......
#.#...#..≈#####≈.....∩.
.....#...K#c§.#≈..........
..##.....K§§§{#≈..........
.........)#§§@#≈.......c...
.......((c#####≈.....##.cc.
.#......(≈≈≈≈≈≈≈.......c...
....D....(...............c#
...........####..........c##
..........## ###.......#...#
..........# ...#.......#..(#
.#.#......# ......####...h##
#......... ......# #..(##


You could see a centaur (inner flame) and 2 kobolds.

Vanquished Creatures
  A hydra (D:11)
  A two-headed ogre (D:4)
  A hippogriff (D:11)
  A yak (D:10)
  A steam dragon (D:10)
  3 wargs (D:10)
  2 water moccasins (D:6)
  9 orc warriors
  A sky beast (D:10)
  2 ogres (D:4)
  16 centaurs
  2 big kobolds (D:11)
  3 bullfrogs
  A water moccasin zombie (D:5)
  A scorpion (D:5)
  4 killer bees (D:7)
  5 wights (D:7)
  2 howler monkeys
  2 bullfrog zombies
  5 crimson imps
  2 centaur zombies
  10 hounds
  10 orc priests
  8 orc wizards
  Jessica (D:2)
  2 iguanas
  8 worker ants
  Terence (D:2)
  Natasha (thrice) (D:3)
  4 hound skeletons
  Robin (D:2)
  9 gnolls
  5 adders
  A shadow imp (D:4)
  An ooze (D:4)
  2 adder skeletons (D:4)
  A worm (D:3)
  2 dart slugs
  6 leopard geckos
  55 orcs
  2 ball pythons
  4 bats
  4 giant cockroaches
  22 goblins
  10 hobgoblins
  9 jackals
  6 quokkas
  3 frilled lizards
  31 kobolds
  6 rats
292 creatures vanquished.

Vanquished Creatures (others)
  A kobold (D:11)
1 creature vanquished.

Grand Total: 293 creatures vanquished

Notes
Turn   | Place    | Note
-------+----------+-------------------------------------------
     0 | D:1      | Revguard the Gargoyle Fighter began the quest for the Orb.
     0 | D:1      | Reached XP level 1. HP: 14/14 MP: 1/1
   142 | D:1      | Reached XP level 2. HP: 17/19 MP: 2/2
   500 | D:1      | Reached XP level 3. HP: 24/24 MP: 3/3
   748 | D:2      | Noticed Jessica
   770 | D:2      | Killed Jessica
   811 | D:2      | Noticed Robin
   831 | D:2      | Reached XP level 4. HP: 23/29 MP: 4/4
   836 | D:2      | Killed Robin
  1206 | D:2      | Found a faded altar of an unknown god.
  1324 | D:2      | Noticed Terence
  1335 | D:2      | Reached skill level 3 in Maces & Flails
  1339 | D:2      | Killed Terence
  1339 | D:2      | Reached XP level 5. HP: 29/33 MP: 5/5
  1631 | D:3      | Noticed Natasha
  1642 | D:3      | Killed Natasha
  1917 | D:3      | Reached XP level 6. HP: 38/38 MP: 6/6
  1918 | D:3      | Reached skill level 1 in Dodging
  1934 | D:3      | Reached skill level 4 in Maces & Flails
  2115 | D:3      | Noticed Natasha
  2127 | D:3      | Killed Natasha
  2143 | D:3      | Noticed Natasha
  2153 | D:3      | Killed Natasha
  2335 | D:4      | Found a staircase to the Ecumenical Temple.
  2344 | Temple   | Entered the Ecumenical Temple
  2392 | Temple   | Became a worshipper of Warmaster Okawaru
  2462 | D:4      | Reached skill level 5 in Shields
  2462 | D:4      | Reached XP level 7. HP: 16/43 MP: 7/7
  2692 | D:4      | Reached skill level 5 in Maces & Flails
  2754 | D:4      | Reached * piety under Okawaru
  3149 | D:4      | Found a shimmering altar of Xom.
  3191 | D:4      | Reached skill level 5 in Armour
  3191 | D:4      | Reached XP level 8. HP: 31/48 MP: 8/8
  3269 | D:4      | Reached skill level 6 in Maces & Flails
  3350 | D:4      | Noticed a two-headed ogre
  3371 | D:4      | Killed a two-headed ogre
  3371 | D:4      | Reached ** piety under Okawaru
  3371 | D:4      | Reached skill level 1 in Evocations
  3374 | D:4      | Reached skill level 5 in Fighting
  3458 | D:4      | Reached skill level 7 in Maces & Flails
  3643 | D:5      | Entered Level 5 of the Dungeon
  3653 | D:5      | Found an opulent altar of Gozag.
  3675 | D:5      | Reached XP level 9. HP: 37/54 MP: 11/11
  3813 | D:5      | Reached *** piety under Okawaru
  3855 | D:5      | Found a sparkling altar of Nemelex Xobeh.
  3956 | D:5      | Found Zin's Purification Station.
  3959 | D:5      | Found a glowing silver altar of Zin.
  5308 | D:7      | Found a hide-covered altar of Uskayaw.
  5316 | D:7      | Noticed a +0 dagger
  5317 | D:7      | Noticed a +0 dagger
  5369 | D:7      | Reached skill level 8 in Maces & Flails
  5509 | D:7      | You fall through a shaft for 3 floors!
  5509 | D:10     | Entered Level 10 of the Dungeon
  5593 | D:10     | Reached **** piety under Okawaru
  5593 | D:10     | Reached XP level 10. HP: 34/60 MP: 13/13
  5691 | D:10     | Found a roughly hewn altar of Beogh.
  5872 | D:10     | Found a staircase to the Lair.
  5910 | D:10     | Reached skill level 5 in Invocations
  6251 | D:11     | Reached skill level 9 in Maces & Flails
  6256 | D:11     | Noticed a five-headed hydra
  6257 | D:11     | Found the amulet of Vitality {Regen+ HP+15}
  6285 | D:11     | Reached ***** piety under Okawaru
  6376 | D:11     | Reached skill level 5 in Evocations
  6397 | D:11     | Found Neipiani's Armour Emporium.
  6412 | D:11     | Found a flagged portal.
  6421 | Bailey   | Entered a bailey
  6803 | Bailey   | Reached XP level 11. HP: 57/66 MP: 15/15
  7046 | D:11     | Killed a five-headed hydra
  7046 | D:11     | Was placed under penance by Okawaru
  7046 | D:11     | Killed from afar by a goblin

Skill      XL: |  1  2  3  4  5  6  7  8  9 10 11 |
---------------+----------------------------------+-----
Shields        | 4 5 6 7 8 |  8.2
Maces & Flails | 3 4 5 7 8 9 |  9.8
Fighting       | 4 5 6 |  6.5
Armour         | 4 5 6 |  6.6
Dodging        | 1 2 3 |  3.5
Invocations    | 2 4 5 6 |  6.2
Evocations     | 2 3 5 |  5.4

Action                   |  1- 3 |  4- 6 |  7- 9 | 10-12 || total
-------------------------+-------+-------+-------+-------++-------
Melee: Flail             |    81 |    75 |       |       ||   156
       Morningstar       |       |   190 |   395 |   252 ||   837
Invok: Heroism           |       |       |     1 |     5 ||     6
       Finesse           |       |       |       |     1 ||     1
Evoke: Wand              |       |       |     1 |     7 ||     8
       Sack of spiders   |       |       |       |     1 ||     1
  Use: Scroll            |     7 |     2 |     3 |     5 ||    17
       Potion            |       |       |     6 |     5 ||    11
 Stab: Invisible         |       |       |       |     4 ||     4
  Eat: Chunk             |       |     5 |     8 |     5 ||    18
       Ration            |       |       |     1 |       ||     1
Armor: Scale mail        |    45 |   209 |   230 |   204 ||   688
Dodge: Dodged            |    26 |   138 |   158 |   202 ||   524
Block: Shield            |    50 |   192 |   249 |   294 ||   785
